[Event "Team 45 45 League T26"]
[Site "Free Internet Chess Server"]
[Date "PDT.04.0"]
[Round "3"]
[White "RomaLavrn"]
[Black "RFFISCHER"]
[Result "1-0"]
[WhiteElo "1777"]
[BlackElo "1628"]
[TimeControl "2700+45"]

1. d4 d5 2. c4 c6 3. Nf3 Nf6 4. Nc3 Bf5 5. e3 e6 6. cxd5 exd5 7. Bd3 Bxd3 8. Qxd3 Bd6 9. O-O Nbd7 10. Rb1 O-O 11. b4 Re8 12. Bd2 b5 13. Rfc1 Rc8 14. Rc2 Ne4 15. Be1 Ndf6 16. Ne2 h6 17. Nc1 Nh7 18. Nb3 Qf6 19. Rbc1 Bb8 20. Na5 a6 21. Rxc6 Rxc6 22. Rxc6 Bd6 23. Rxa6 Bxh2+ 24. Nxh2 Qxa6 25. a4 Rc8 26. axb5 Qg6 27. Nc6 Rc7 28. Qa3 Nhg5 29. Qa8+ Kh7 30. Ne5 Nh3+ 31. Kf1 Nd2+ 32. Bxd2 Qb1+ 33. Be1 Rc1 34. Nhf3 f6 35. gxh3 fxe5 36. dxe5 Qd3+ 37. Kg1 Qxb5 38. Qf8 Qd7 39. Kh2 Rb1 40. Qf4 Kh8 41. Qg4 Qe7 42. Qc8+ Kh7 43. Qf5+   {Black resigns} 1-0

[Event "Team 45 45 League T26"]
[Site "Free Internet Chess Server"]
[Date "PST.04.0"]
[Round "3"]
[White "xplan"]
[Black "LLIAMAH"]
[Result "0-1"]
[WhiteElo "1566"]
[BlackElo "1744"]
[TimeControl "2700+45"]

1. e4 c5 2. Nf3 Nc6 3. d4 cxd4 4. Nxd4 a6 5. Nc3 e6 6. Bc4 Nf6 7. Bg5 Be7 8. e5 Nxe5 9. Be2 d5 10. Bf3 Qb6 11. Rb1 Nxf3+ 12. Nxf3 Ng4 13. O-O Nf6 14. Be3 Qc7 15. Qd2 Bb4 16. Bd4 Be7 17. Qg5 O-O 18. Be5 Qc6 19. Rbd1 h6 20. Qg3 Nh5 21. Qg4 g6 22. Nh4 Bxh4 23. Qxh4 f6 24. g4 fxe5 25. gxh5 g5 26. Qg3 e4 27. Kh1 Qe8 28. Qg4 Rf4 29. Qe2 Bd7 30. Rg1 Bc6 31. Qe3 Qf7 32. Ne2 Rxf2 33. Ng3 Rf3 34. Qd4 e3 35. Rde1 e5 36. Qxe5 d4 37. Ne4 Re8 38. Rxg5+ hxg5 39. Qxg5+ Qg7 40. Rg1 Qxg5 41. Rxg5+ Kh8 42. Ng3 Rxg3+   {White resigns} 0-1

[Event "Team 45 45 League T26"]
[Site "Free Internet Chess Server"]
[Date "PST.04.0"]
[Round "3"]
[White "jjgsmm"]
[Black "twotowers"]
[Result "0-1"]
[WhiteElo "1516"]
[BlackElo "1615"]
[TimeControl "2700+45"]

1. d4 g6 2. c4 Bg7 3. e4 d6 4. Nc3 Nf6 5. Be3 O-O 6. Nf3 Ng4 7. Bg5 h6 8. Bh4 f5 9. h3 fxe4 10. Nxe4 Nf6 11. Bd3 Qe8 12. Qc2 Nc6 13. a3 e5 14. d5 Nd4 15. Nxd4 exd4 16. O-O-O Nxe4 17. Bxe4 Bf5 18. Rhe1 Bxe4 19. Rxe4 Qf7 20. Rde1 Rae8 21. f3 Be5 22. Bf2 Qf5 23. Qd3 Qg5+ 24. Kb1 Qxg2 25. Bxd4 Qxf3 26. Qxf3 Rxf3 27. Bxe5 Rxe5 28. Rxe5 dxe5 29. Rxe5 Kf7 30. Kc2 Rxh3 31. c5 Rh5 32. Rxh5 gxh5 33. Kd3 h4 34. Ke4 h3 35. d6 cxd6 36. cxd6 Ke6 37. Kf3 Kxd6 38. Kg3 Kd5 39. Kxh3 Kc4 40. Kh4 Kb3   {White resigns} 0-1

[Event "Team 45 45 League T26"]
[Site "Free Internet Chess Server"]
[Date "PST.04.0"]
[Round "3"]
[White "clarinetref"]
[Black "PawnSensei"]
[Result "1-0"]
[WhiteElo "1477"]
[BlackElo "1408"]
[TimeControl "2700+45"]

1. Nf3 Nf6 2. c4 d6 3. g3 Bg4 4. Bg2 Bxf3 5. Bxf3 Nc6 6. O-O Qd7 7. e3 g6 8. a3 Bg7 9. Nc3 a6 10. b4 b5 11. cxb5 axb5 12. Nxb5 O-O 13. Nc3 Rab8 14. Bb2 e5 15. Ne4 Nxe4 16. Bxe4 d5 17. Bg2 e4 18. Bxg7 Kxg7 19. Rc1 Ne5 20. f3 f5 21. fxe4 dxe4 22. Rc3 Ra8 23. Qa1 Nf3+ 24. Bxf3 Kh6 25. Bg2 Qxd2 26. Qc1 Rfd8 27. Qxd2 Rxd2 28. Ra1 Rad8 29. Rxc7 Rd1+ 30. Rxd1 Rxd1+ 31. Bf1 Ra1 32. Ra7 Re1 33. Kf2 Rc1 34. b5 Rc2+ 35. Be2 Rc1 36. a4 Rh1 37. Kg2 Re1 38. Kf2 Rh1 39. b6 Rxh2+ 40. Kf1 Rh1+ 41. Kg2 Rb1 42. b7 Rb2 43. Kf2 Kg5 44. a5 Kf6 45. a6 f4 46. gxf4 h5 47. Ra8 g5 48. fxg5+ Kxg5 49. Rg8+ Kh4 50. b8=Q Rxb8 51. Rxb8 Kh3 52. Bxh5 Kh4 53. Rh8 Kg5 54. a7 Kf5 55. a8=Q Ke5 56. Qa5+ Kf6 57. Rh6+ Kg7 58. Qg5+ Kf8 59. Qf6+ Kg8 60. Qf7#   {Black checkmated} 1-0

[Event "Team 45 45 League T26"]
[Site "Free Internet Chess Server"]
[Date "PDT.04.0"]
[Round "3"]
[White "thelovegambit"]
[Black "Ottawa"]
[Result "1-0"]
[WhiteElo "1606"]
[BlackElo "1642"]
[TimeControl "2700+45"]

1. e4 c5 2. Nf3 Nc6 3. Bb5 d6 4. O-O Bd7 5. d4 cxd4 6. Nxd4 Qb6 7. Bxc6 Bxc6 8. Nc3 g6 9. b3 Bg7 10. Be3 Qc7 11. Qd3 a6 12. Nxc6 Qxc6 13. Bd4 Nf6 14. Nd5 e5 15. Bb2 Rc8 16. Nxf6+ Bxf6 17. c4 O-O 18. f4 Rfd8 19. Qf3 Rd7 20. f5 Kg7 21. fxg6 d5 22. exd5 Qd6 23. gxh7 Bg5 24. Qg3 f6 25. h4 e4 26. Qxd6 Rxd6 27. hxg5 Kxh7 28. Rxf6 Rd7 29. Rh6+ Kg8 30. Rh8+ Kf7 31. Rxc8 Re7 32. Rf1+ Kg6 33. Rg8+ Kh5 34. g6 e3 35. Re1 Kg4 36. Rf8 e2 37. g7   {Black resigns} 1-0

[Event "Team 45 45 League T26"]
[Site "Free Internet Chess Server"]
[Date "2005.03.31"]
[Round "3"]
[White "twinders"]
[Black "Aul"]
[Result "1/2-1/2"]
[WhiteElo "1661"]
[BlackElo "1606"]
[TimeControl "2700+45"]

1. d4 d6 2. e3 g6 3. Bd3 Bg7 4. Nf3 e6 5. O-O Ne7 6. Nbd2 b6 7. Be4 d5 8. Bd3 Nd7 9. Bb5 a6 10. Bd3 Bb7 11. c4 h6 12. Qa4 b5 13. cxb5 axb5 14. Qxb5 Ba6 15. Qb3 Rb8 16. Qc2 Bc8 17. Nb3 O-O 18. Bd2 e5 19. dxe5 Nxe5 20. Nxe5 Bxe5 21. e4 Kh7 22. exd5 Nxd5 23. Rfd1 Qf6 24. Rab1 Nb4 25. Bxb4 Rxb4 26. g3 Re8 27. Re1 Bb7 28. Be4 Ba6 29. Bg2 Rc4 30. Qd1 Rd8 31. Qf3 Bxb2 32. Qxf6 Bxf6 33. Red1 Rc2 34. Rxd8 Bxd8 35. a4 c6 36. Nd4 Ra2 37. Bxc6 Bf6 38. Nb3 Bc4 39. Bb5 Bd5 40. Kf1 Ra3 41. Na5 Ra2 42. Kg1 Bd4 43. Rf1 Bb6 44. Nc6 Rc2 45. Nb4 Rc5 46. Nxd5 Rxd5 47. Kg2 Rd2 48. h4 f5 49. Kf3 Kg7 50. Be8 Kf6 51. Kg2 Re2 52. Bb5 Rb2 53. Be8 Re2 54. Bb5 Rb2   {Game drawn by mutual agreement} 1/2-1/2

[Event "Team 45 45 League T26"]
[Site "Free Internet Chess Server"]
[Date "PST.04.0"]
[Round "3"]
[White "Haknor"]
[Black "AlesD"]
[Result "1-0"]
[WhiteElo "1555"]
[BlackElo "1625"]
[TimeControl "2700+45"]

1. d4 d5 2. Nf3 e6 3. c4 b6 4. Nc3 Bb7 5. Bf4 Nf6 6. a3 dxc4 7. e3 Nd5 8. Be5 Nd7 9. Bg3 Nxc3 10. bxc3 b5 11. Be2 Nf6 12. O-O Ne4 13. Qc2 Bd6 14. a4 c6 15. Qxe4 Bxg3 16. hxg3 Qd5 17. Qc2 Ke7 18. axb5 cxb5 19. Rfb1 a6 20. Qa2 Rhb8 21. Bf1 f6 22. Qc2 g6 23. Re1 Qe4 24. Qd2 Qc6 25. e4 Qe8 26. Rad1 Rd8 27. d5 e5 28. g4 g5 29. Qe3 Rd6 30. Nh2 h5 31. gxh5 Qxh5 32. Be2 Qh6 33. Bg4 Rh8 34. Bh3 Bc8 35. Qg3 Bxh3 36. Qxh3 Qxh3 37. gxh3 Rxh3 38. Kg2 Rxc3 39. Ra1 b4 40. Ng4 Rd3 41. Ne3 Kd7 42. Nxc4 R6xd5 43. Nb6+ Kc6 44. Nxd5 Kb5 45. Nc7+ Kc4 46. Nxa6 b3 47. Re2 Rc3 48. Nc7 Kd3 49. Re3+ Kd2 50. Rxc3 Kxc3 51. Nd5+ Kc2 52. Nxf6 b2 53. Rf1 b1=Q 54. Rxb1 Kxb1 55. Kg3 Kc2 56. Nd7 Kd3 57. f3 Ke3 58. Nxe5   {Black resigns} 1-0

[Event "Team 45 45 League T26"]
[Site "Free Internet Chess Server"]
[Date "2005.03.31"]
[Round "3"]
[White "rgadoury"]
[Black "maglover"]
[Result "1/2-1/2"]
[WhiteElo "1405"]
[BlackElo "1507"]
[TimeControl "2700+45"]

1. d4 d5 2. g3 Nf6 3. Bg2 Bf5 4. Nf3 e6 5. a3 Bd6 6. O-O O-O 7. Nbd2 Nc6 8. c4 e5 9. c5 Be7 10. dxe5 Ne4 11. Nxe4 Bxe4 12. b4 f6 13. exf6 Bxf6 14. Ra2 Ne5 15. Bb2 Nxf3+ 16. Bxf3 Bxf3 17. exf3 Bxb2 18. Rxb2 Qf6 19. Rb3 c6 20. Re1 Rae8 21. Rxe8 Rxe8 22. Re3 Rxe3 23. fxe3 Qc3 24. Qd4 Qxa3 25. Kg2 Qa2+ 26. Kh3 Qc4 27. Qf4 b5 28. cxb6 axb6 29. Qb8+ Kf7 30. Qc7+ Kg6 31. Qxb6 Qf1+ 32. Kg4 Qc4+ 33. Kh3 Qf1+ 34. Kg4 Qc4+ 35. Kh3 Qf1+   {Game drawn by repetition} 1/2-1/2

[Event "Team 45 45 League T26"]
[Site "Free Internet Chess Server"]
[Date "PST.04.0"]
[Round "3"]
[White "chesswake"]
[Black "RussoTuristo"]
[Result "0-1"]
[WhiteElo "1745"]
[BlackElo "1842"]
[TimeControl "2700+45"]

1. d4 g6 2. c4 Bg7 3. Nc3 d6 4. Nf3 Nc6 5. Bf4 Bg4 6. e3 e5 7. dxe5 dxe5 8. Qxd8+ Rxd8 9. Bg5 f6 10. Bh4 g5 11. Bg3 h5 12. h3 Bxf3 13. gxf3 h4 14. Bh2 Nge7 15. Rg1 Nb4 16. Rc1 c6 17. f4 exf4 18. exf4 Nd3+ 19. Bxd3 Rxd3 20. fxg5 fxg5 21. Bb8 a6 22. Rh1 O-O 23. Ba7 Ng6 24. Be3 Nf4 25. Ne4 Bh6 26. Rd1 Rxd1+ 27. Kxd1 Nd3 28. Kc2 Ne5 29. Rg1 Nf3 30. Rg4 Kh7 31. b3 Kg6 32. Nd6 b5 33. Ne4 bxc4 34. bxc4 Ne5 35. Rg2 g4 36. Bxh6 Kxh6 37. hxg4 Rf4 38. g5+ Kg6 39. Nd6 Nf3 40. Kd3 Ne1+   {White resigns} 0-1

[Event "Team 45 45 League T26"]
[Site "Free Internet Chess Server"]
[Date "PST.04.0"]
[Round "3"]
[White "mandragora"]
[Black "MStav"]
[Result "1-0"]
[WhiteElo "1788"]
[BlackElo "1704"]
[TimeControl "2700+45"]

1. e4 d6 2. d4 Nf6 3. Nc3 e5 4. dxe5 dxe5 5. Qxd8+ Kxd8 6. Bc4 Be6 7. Bxe6 fxe6 8. Nf3 Bd6 9. Bg5 Nc6 10. O-O-O Ke7 11. Bh4 a6 12. Nd2 b5 13. a3 Rhb8 14. f3 Na5 15. Kb1 Nc4 16. Nxc4 bxc4 17. Ka2 Rb7 18. Bf2 Rab8 19. Rb1 Nd7 20. Nd1 Rb5 21. Ne3 Nb6 22. Rhc1 Bc5 23. b3 Bxe3 24. Bxe3 cxb3+ 25. cxb3 Na8 26. a4 R5b7 27. Rc6 Nb6 28. a5 Na4 29. Ka3 Kd7 30. Rc4 Nb6 31. axb6 cxb6 32. Rd1+ Ke7 33. Rc6 b5 34. Rxa6 Rc7 35. Kb4 Rc2 36. Rd2 Rbc8 37. Rxc2 Rxc2 38. Bg5+ Kf7 39. Bh4 Rxg2 40. Bg3 Kf6 41. Kxb5 Rc2 42. Rc6 Rd2 43. Rc3 h6 44. f4 exf4 45. Bxf4 g5 46. Bxd2   {Black resigns} 1-0

[Event "Team 45 45 League T26"]
[Site "Free Internet Chess Server"]
[Date "PDT.04.0"]
[Round "3"]
[White "Ottawa"]
[Black "RobertKaucher"]
[Result "0-1"]
[WhiteElo "1618"]
[BlackElo "1681"]
[TimeControl "2700+45"]

1. e4 c5 2. Nf3 d6 3. d4 cxd4 4. Nxd4 Nf6 5. Nc3 a6 6. Be3 e6 7. Be2 Be7 8. O-O Nc6 9. a3 O-O 10. Nf3 b5 11. h3 Bb7 12. Qd2 Rc8 13. Rad1 Qc7 14. Bg5 Ne5 15. Bxf6 Bxf6 16. Nd4 Nc4 17. Bxc4 Qxc4 18. f3 b4 19. axb4 Qxb4 20. Nce2 Qb6 21. Kh1 d5 22. exd5 Bxd5 23. c3 Rfd8 24. Qc1 Bc4 25. Qc2 Bxd4 26. Rxd4 Rxd4 27. cxd4 Qb8 28. Rc1 a5 29. b3 Ba6 30. Qb2 Rd8 31. Rc5 a4 32. b4 Bxe2 33. Qxe2 Qxb4 34. Rc4 Qb3 35. d5 exd5 36. Qe7 Qd1+ 37. Kh2 dxc4   {White resigns} 0-1

[Event "Team 45 45 League T26"]
[Site "Free Internet Chess Server"]
[Date "PDT.04.0"]
[Round "3"]
[White "malevolentmick"]
[Black "twinders"]
[Result "1-0"]
[WhiteElo "1682"]
[BlackElo "1676"]
[TimeControl "2700+45"]

1. e4 c5 2. Nf3 d6 3. d4 cxd4 4. Nxd4 Nf6 5. Nc3 a6 6. Bc4 Nc6 7. a3 g6 8. f3 Bg7 9. Be3 O-O 10. O-O Qc7 11. Nxc6 Qxc6 12. Bb3 Nd7 13. Bd4 Bxd4+ 14. Qxd4 Qc5 15. Qxc5 Nxc5 16. Ba2 Be6 17. Nd5 Bxd5 18. Bxd5 Rab8 19. Rfd1 Kg7 20. Ba2 Rfc8 21. c4 a5 22. b4 axb4 23. axb4 Na4 24. Rdc1 b5 25. Bb3 Nb2 26. cxb5 Rxc1+ 27. Rxc1 Rxb5 28. Rb1 Nd3 29. Bc4 Rxb4 30. Bxd3 Rxb1+ 31. Bxb1 Kf6 32. Kf2 Ke5 33. Ke3 g5 34. Ba2 f6 35. g3 f5 36. exf5 Kxf5 37. Bb1+ Kf6 38. Bxh7 Ke5 39. Bb1 d5 40. Ba2 e6 41. Kd3 Kd6 42. Kd4 e5+ 43. Ke3 Kc5 44. f4 gxf4+ 45. gxf4 Kd6 46. f5 e4 47. Kf4 e3 48. Kxe3 Ke5 49. Bb1 d4+ 50. Kf3 Kd5 51. h4 Ke5 52. h5 Kf6 53. h6 Kf7 54. h7 Kg7 55. f6+ Kh8 56. f7 Kg7 57. f8=Q+ Kxf8 58. h8=Q+ Ke7 59. Qxd4 Ke6 60. Ba2+ Kf5 61. Qf4+ Kg6 62. Kg4 Kh7 63. Qf7+ Kh6 64. Qf6+ Kh7 65. Qg5 Kh8 66. Qg8#   {Black checkmated} 1-0

[Event "Team 45 45 League T26"]
[Site "Free Internet Chess Server"]
[Date "PDT.04.0"]
[Round "3"]
[White "Akavall"]
[Black "cerebero"]
[Result "1-0"]
[WhiteElo "1877"]
[BlackElo "1837"]
[TimeControl "2700+45"]

1. e4 c6 2. d4 d5 3. exd5 cxd5 4. Bd3 Nf6 5. c3 Nc6 6. Bf4 Bg4 7. Qb3 Qc8 8. Nd2 e6 9. Ngf3 Be7 10. O-O O-O 11. Qc2 Qd7 12. Ne5 Nxe5 13. dxe5 Ne4 14. Nxe4 dxe4 15. Bxe4 g6 16. h3 Bf5 17. Bxf5 exf5 18. Rad1 Qc6 19. Be3 Rfd8 20. f4 Rac8 21. Bd4 b6 22. Rd3 Qe4 23. Qd2 Bc5 24. Re1 Qd5 25. b4 Be7 26. Rd1 Qe6 27. Qe2 Qc4 28. a3 Qa6 29. Qb2 Qc4 30. Qe2 Qa6 31. e6 f6 32. Bxf6 Rxd3 33. Rxd3 Re8 34. Bxe7   {Black resigns} 1-0

[Event "Team 45 45 League T26"]
[Site "Free Internet Chess Server"]
[Date "PST.04.0"]
[Round "3"]
[White "RomaLavrn"]
[Black "ButiOxa"]
[Result "1/2-1/2"]
[WhiteElo "1807"]
[BlackElo "1730"]
[TimeControl "2700+45"]

1. d4 Nf6 2. c4 c5 3. e3 g6 4. dxc5 Qa5+ 5. Nd2 Qxc5 6. a3 Bg7 7. b4 Qc7 8. Bb2 O-O 9. Ngf3 d6 10. Be2 b6 11. O-O Bb7 12. Qb3 Nbd7 13. Rac1 Ne4 14. Bxg7 Kxg7 15. Rfd1 Nxd2 16. Nxd2 a5 17. Bf3 axb4 18. axb4 Ne5 19. Bxb7 Qxb7 20. c5 bxc5 21. bxc5 Qxb3 22. Nxb3 dxc5   {Game drawn by mutual agreement} 1/2-1/2

[Event "Team 45 45 League T26"]
[Site "Free Internet Chess Server"]
[Date "PDT.04.0"]
[Round "3"]
[White "BlkSabb"]
[Black "JoeytheBudgie"]
[Result "0-1"]
[WhiteElo "1745"]
[BlackElo "1767"]
[TimeControl "2700+45"]

1. d4 Nf6 2. c4 g6 3. Nc3 d5 4. cxd5 Nxd5 5. e4 Nxc3 6. bxc3 Bg7 7. Nf3 c5 8. Bb2 cxd4 9. cxd4 Qa5+ 10. Qd2 Qxd2+ 11. Kxd2 O-O 12. Bd3 Nc6 13. Rhc1 Bh6+ 14. Ke2 Bxc1 15. Rxc1 Bg4 16. d5 Nb4 17. Bc4 b5 18. Bxb5 Nxa2 19. Ra1 Rfb8 20. Rxa2 Rxb5 21. Bd4 a5 22. h3 Bxf3+ 23. Kxf3 Rb4 24. Bc5 Rb3+ 25. Ke2 Kf8 26. f3 a4 27. Bd4 h5 28. h4 Ke8 29. Kd2 Rb1 30. Kc2 Rh1 31. Kb2 Rxh4 32. Ka3 f6 33. Kb4 Rh2 34. Kb5 h4 35. e5 h3 36. exf6 Rxg2 37. Rxg2 hxg2 38. fxe7 Kxe7 39. Kc6 Rc8+ 40. Kb7 Rc1 41. Be3 Rc2 42. Bg5+ Kd7 43. Be3 a3 44. Kb6 a2   {White resigns} 0-1

[Event "Team 45 45 League T26"]
[Site "Free Internet Chess Server"]
[Date "PST.04.0"]
[Round "3"]
[White "zcomcon"]
[Black "threeNT"]
[Result "0-1"]
[WhiteElo "1740"]
[BlackElo "1702"]
[TimeControl "2700+45"]

1. Nf3 d5 2. c4 Nf6 3. cxd5 Nxd5 4. d3 e5 5. g3 Bd6 6. Bg2 f6 7. O-O Be6 8. Qb3 Nb6 9. Qxe6+ Qe7 10. Qxe7+ Bxe7 11. Nc3 Nc6 12. Bd2 Rd8 13. Rfc1 O-O 14. Be3 a6 15. Nd2 f5 16. Bxc6 bxc6 17. f4 exf4 18. Bxf4 Bd6 19. Bxd6 cxd6 20. Nf3 g6 21. Nd1 Rc8 22. b3 Rfe8 23. Kf2 Nd5 24. Nc3 Ne3 25. Re1 Nc2 26. Rac1 Nxe1 27. Kxe1 Rb8 28. Nd4 c5 29. Nf3 Rb7 30. Nd5 Kf7 31. Kf2 Ke6 32. Ne3 Reb8 33. Nc4 d5 34. Ncd2 Rc8 35. d4 Kd6 36. dxc5+ Rxc5 37. Rxc5 Kxc5 38. a4 Kb4 39. e3 Kc3 40. Ke2 a5 41. Nd4 Rb6 42. Nb5+ Kb4 43. Kd3 Rc6 44. Kd4 Rc2 45. Kd3 Rc1 46. Nd4 Kc5 47. N2f3 Rd1+ 48. Kc2 Rf1 49. Kd2 Rf2+ 50. Ne2 Rxf3 51. Kd3 Rf2 52. h4 Rxe2 53. Kxe2 Kb4 54. Kd3 Kxb3 55. Kd4 Kxa4 56. Kxd5 Kb3   {White resigns} 0-1

[Event "Team 45 45 League T26"]
[Site "Free Internet Chess Server"]
[Date "2005.03.31"]
[Round "3"]
[White "gfsg"]
[Black "Doubleletter"]
[Result "1-0"]
[WhiteElo "1956"]
[BlackElo "1707"]
[TimeControl "2700+45"]

1. e4 e6 2. d4 d5 3. Nc3 dxe4 4. f3 Nd7 5. fxe4 Ngf6 6. Nf3 Be7 7. Bd3 O-O 8. e5 Ne8 9. O-O f6 10. Qe1 fxe5 11. dxe5 Nc5 12. Be2 b6 13. Be3 Bb7 14. Rd1 Qc8 15. Bg5 Bxg5 16. Nxg5 h6 17. Rxf8+ Kxf8 18. Qf2+ Kg8 19. Qf7+ Kh8 20. Qf8#   {Black checkmated} 1-0

[Event "Team 45 45 League T26"]
[Site "Free Internet Chess Server"]
[Date "PST.04.0"]
[Round "3"]
[White "RFFISCHER"]
[Black "emmanuelaugustus"]
[Result "0-1"]
[WhiteElo "1650"]
[BlackElo "1745"]
[TimeControl "2700+45"]

1. d4 Nf6 2. c4 g6 3. Nc3 Bg7 4. Nf3 O-O 5. e4 d6 6. Be2 e5 7. O-O Nc6 8. Bg5 h6 9. Bh4 Bg4 10. d5 Ne7 11. h3 Bd7 12. Nh2 Nh7 13. f4 exf4 14. Rxf4 g5 15. Bxg5 Nxg5 16. Bg4 Ng6 17. Bxd7 Nxf4 18. Bg4 c5 19. Qc2 Bd4+ 20. Kh1 Qe7 21. Bf5 Ng6 22. Rb1 Rae8 23. b4 Bxc3 24. Qxc3 Nxe4 25. Bxe4 Qxe4 26. bxc5 dxc5 27. Rxb7 Qe1+ 28. Qxe1 Rxe1+   {White resigns} 0-1

[Event "Team 45 45 League T26"]
[Site "Free Internet Chess Server"]
[Date "PST.04.0"]
[Round "3"]
[White "impe"]
[Black "MattBinMi"]
[Result "1-0"]
[WhiteElo "1784"]
[BlackElo "1544"]
[TimeControl "2700+45"]

1. e4 d5 2. d4 dxe4 3. Nc3 Nf6 4. f3 c5 5. d5 exf3 6. Nxf3 Bg4 7. h3 Bf5 8. g4 Be4 9. Nxe4 Nxe4 10. Bf4 Qa5+ 11. c3 Nd7 12. Bd3 Nef6 13. d6 exd6 14. Qe2+ Ne5 15. Nxe5 dxe5 16. Bb5+ Nd7 17. Bxd7+ Kxd7 18. O-O-O+ Kc6 19. Qxe5 Qxa2 20. Qc7+ Kb5 21. Qxb7+ Ka5 22. Bc7+ Ka4 23. Qa6+ Kb3 24. Qb5#   {Black checkmated} 1-0

[Event "Team 45 45 League T26"]
[Site "Free Internet Chess Server"]
[Date "2005.03.31"]
[Round "3"]
[White "Hartford"]
[Black "fernbap"]
[Result "1-0"]
[WhiteElo "1588"]
[BlackElo "1687"]
[TimeControl "2700+45"]

1. c4 Nf6 2. Nc3 g6 3. d4 d5 4. Nf3 Bg7 5. Qb3 dxc4 6. Qxc4 O-O 7. e4 Nfd7 8. Bg5 Nb6 9. Qc5 Re8 10. O-O-O N8d7 11. Qa5 Nf6 12. Be2 c6 13. Rhe1 h6 14. Bh4 Nh5 15. g3 Bg4 16. h3 Bxh3 17. Ng1 Bc8 18. Bxh5 gxh5 19. Qxh5 Qd6 20. Nf3 Qg6 21. Qc5 Bg4 22. Rd3 Nd7 23. Qc4 e5 24. d5 Nb6 25. Qc5 cxd5 26. Kb1 Rac8 27. Qb4 Rc4 28. Qb5 dxe4 29. Qxe8+ Kh7 30. Nxe5 Bxe5 31. Rd8 e3+ 32. Ka1 exf2 33. Rf1 Be6 34. Qb5 Bg7 35. Rxf2 a6 36. Qxb6 Rxh4 37. gxh4 Bxc3 38. bxc3 Qg1+ 39. Kb2   {Black resigns} 1-0

[Event "Team 45 45 League T26"]
[Site "Free Internet Chess Server"]
[Date "PDT.04.0"]
[Round "3"]
[White "Nogger"]
[Black "BladezII"]
[Result "1/2-1/2"]
[WhiteElo "2152"]
[BlackElo "2182"]
[TimeControl "2700+45"]

1. d4 Nf6 2. Nf3 g6 3. c4 Bg7 4. Nc3 d6 5. e4 O-O 6. Be2 e5 7. O-O exd4 8. Nxd4 Re8 9. f3 Nc6 10. Be3 Nh5 11. Nxc6 bxc6 12. Qd2 c5 13. Rad1 Bb7 14. Rfe1 Qh4 15. Bf1 f5 16. Nd5 fxe4 17. Nxc7 Be5 18. g3 Nxg3 19. hxg3 Bxg3 20. Bg5 Qh5 21. Nxe8 Rxe8 22. Bf4 Bxe1 23. Rxe1 Qxf3 24. Qe3 Qg4+ 25. Qg3 Qxg3+ 26. Bxg3 d5 27. cxd5 Bxd5 28. b3 g5 29. Rc1 c4 30. Bxc4 Bxc4 31. Rxc4 Kf7 32. Rc7+ Re7 33. Rxe7+ Kxe7 34. b4 a6 35. Kf2 Ke6 36. a3 h5 37. Bc7 Kd5 38. Bd8 g4 39. Ke3 Kc4 40. Kxe4 Kb3 41. Be7 g3 42. Kf3 h4 43. Kg2 Ka4 44. Bc5 Kb3 45. Bd6 Ka4 46. Kh3 Kb3 47. Kg2 Ka4 48. Kf3 Kb3 49. Ke3 Ka4 50. Kf3 Kb3 51. Be7   {Game drawn by mutual agreement} 1/2-1/2

[Event "Team 45 45 League T26"]
[Site "Free Internet Chess Server"]
[Date "PDT.04.0"]
[Round "3"]
[White "gracey"]
[Black "Bengbula"]
[Result "1/2-1/2"]
[WhiteElo "2031"]
[BlackElo "2080"]
[TimeControl "2700+45"]

1. c4 f5 2. d4 Nf6 3. g3 e6 4. Bg2 Be7 5. e3 O-O 6. Ne2 d6 7. Nbc3 Qe8 8. Nf4 c6 9. d5 e5 10. dxc6 bxc6 11. Nfd5 Nxd5 12. Nxd5 Bd8 13. Nb4 e4 14. Qxd6 Be7 15. Qd2 a5 16. Nd5 Bc5 17. Nc3 Nd7 18. O-O Ne5 19. b3 Be6 20. Rd1 Be7 21. Bb2 Rd8 22. Qc2 Nd3 23. Bf1 Nxb2 24. Qxb2 Qh5 25. Rxd8   {Game drawn by mutual agreement} 1/2-1/2

[Event "Team 45 45 League T26"]
[Site "Free Internet Chess Server"]
[Date "PDT.04.0"]
[Round "3"]
[White "fege"]
[Black "Darmik"]
[Result "0-1"]
[WhiteElo "2124"]
[BlackElo "2103"]
[TimeControl "2700+45"]

1. e4 c5 2. Nc3 Nc6 3. f4 g6 4. Nf3 Bg7 5. Bb5 Nd4 6. O-O a6 7. Bd3 d6 8. Nxd4 cxd4 9. Ne2 Nf6 10. Kh1 O-O 11. Nxd4 Nxe4 12. Bxe4 Bxd4 13. c3 Bg7 14. Qf3 Rb8 15. f5 gxf5 16. Bxf5 Bxf5 17. Qxf5 e6 18. Qh5 f5 19. d4 Qe8 20. Qh4 e5 21. Bg5 Qe6 22. Rf3 h6 23. Bd2 f4 24. b3 Rbe8 25. Re1 Qg6 26. dxe5 dxe5 27. c4 Rf7 28. Rff1 Qc2 29. Bc1 Qxa2 30. Rxf4 exf4 31. Rxe8+ Kh7 32. Qe1 Qc2 33. Qe4+ Qxe4 34. Rxe4 Rd7 35. Re1 Rd3 36. Bxf4 Rxb3 37. h3 a5 38. Be5 a4 39. Bxg7 Kxg7 40. c5 a3 41. Ra1 Kf6 42. h4 Kf5 43. Kh2 Kg4 44. Rc1 Rb4 45. c6 bxc6 46. Rxc6 Ra4 47. Rc1 a2 48. Ra1 Kxh4 49. Kg1 Kg3 50. Kf1 h5 51. Kg1 Rb4   {White resigns} 0-1

[Event "Team 45 45 League T26"]
[Site "Free Internet Chess Server"]
[Date "PDT.04.0"]
[Round "3"]
[White "Thalagor"]
[Black "IAmTheWalrus"]
[Result "0-1"]
[WhiteElo "1815"]
[BlackElo "2102"]
[TimeControl "2700+45"]

1. e4 e6 2. d3 d5 3. Nd2 c5 4. g3 Nf6 5. Bg2 Nc6 6. Ngf3 Bd6 7. O-O O-O 8. Re1 Qc7 9. Nf1 dxe4 10. dxe4 Rd8 11. Qe2 e5 12. Bg5 Be7 13. Bxf6 Bxf6 14. Ne3 Be6 15. c3 a6 16. Nd2 Ne7 17. Nb3 c4 18. Nd2 b5 19. Nf3 Rd6 20. Red1 Rad8 21. Rxd6 Rxd6 22. Rd1 g6 23. h3 h6 24. Rxd6 Qxd6 25. Qd1 Qxd1+ 26. Nxd1 Nc8 27. Ne3 Nb6 28. Ne1 Na4 29. Nd1 Bg5 30. Kf1 Bc1 31. Ke2 Nxb2 32. Nxb2 Bxb2 33. Kd2 Ba3 34. Nc2 Bc5 35. Ke2 a5 36. a3 f5 37. f4 exf4 38. gxf4 fxe4 39. Bxe4 Bf5 40. Bxf5 gxf5 41. Kf3 Kf7 42. Kg3 Ke6 43. Kh4 Kd5 44. Kh5 Ke4 45. Kxh6 Kd3 46. Ne1+ Kxc3 47. Kg5 b4 48. axb4 axb4 49. Kxf5 b3 50. h4 b2   {White resigns} 0-1

[Event "Team 45 45 League T26"]
[Site "Free Internet Chess Server"]
[Date "2005.03.31"]
[Round "3"]
[White "Regnmanden"]
[Black "AlefZero"]
[Result "1/2-1/2"]
[WhiteElo "2195"]
[BlackElo "2198"]
[TimeControl "2700+45"]

1. d4 e6 2. e4 d5 3. exd5 exd5 4. Bd3 Bd6 5. Ne2 Nc6 6. c3 Qh4 7. Nd2 Bg4 8. Qb3 Nge7 9. Nf1 O-O-O 10. Ne3 Be6 11. Bd2 f5 12. O-O-O Qf6 13. g3 g5 14. h4 h6 15. f4 gxf4 16. Nxf4 Bxf4 17. gxf4 Rhg8 18. h5 Rg3 19. Rdg1 Rdg8 20. Rxg3 Rxg3 21. Qd1 Nd8 22. Qe2 Rg7 23. Be1 Bd7 24. Bh4 Qd6 25. Qf3   {Game drawn by mutual agreement} 1/2-1/2

[Event "Team 45 45 League T26"]
[Site "Free Internet Chess Server"]
[Date "PST.04.0"]
[Round "3"]
[White "ZaKrzutek"]
[Black "adingod"]
[Result "1/2-1/2"]
[WhiteElo "2175"]
[BlackElo "1744"]
[TimeControl "2700+45"]

1. e4 Nf6 2. e5 Nd5 3. Nc3 Nxc3 4. dxc3 d6 5. Bc4 Nc6 6. Nf3 e6 7. Qe2 Be7 8. Bf4 Bd7 9. O-O-O d5 10. Bb3 Na5 11. h4 c5 12. a3 Nxb3+ 13. cxb3 Qb6 14. Qc2 h6 15. Kb1 a5 16. h5 a4 17. b4 cxb4 18. cxb4 Rc8 19. Qd2 Bb5 20. Rh3 Bc4 21. Rc1 Qa6 22. Nd4 b5 23. Rg3 Bf8 24. Be3 Rc7 25. f4 Qc8 26. Rc3 Bf1 27. Qf2 Rxc3 28. Qxf1 Qc4 29. Qxc4 Rxc4 30. Nxb5 f6 31. Bd2 fxe5 32. fxe5 Re4 33. Bc3 Rh4 34. Rg6 Rxh5 35. Rxe6+ Kd7 36. Rb6 Be7 37. Rb7+ Kc6 38. Rxe7 Kxb5 39. Rxg7 Kc4 40. Kc2 Rg5 41. Rc7+ Kb5 42. Rc5+ Kb6 43. Rxd5 Rxg2+ 44. Kd3 h5 45. e6   {Game drawn by mutual agreement} 1/2-1/2